 Dungeon Crawl Stone Soup version 0.27.1-2-g3b301248ec (console) character file.

Game seed: 18107014804565313451

13423 om the Cleaver (level 11, -8/97 HPs)
             Began as a Minotaur Berserker on Sept 24, 2021.
             Was a High Priest of Trog.
             Mangled by a boulder beetle (41 damage)
             ... on level 12 of the Dungeon.
             The game lasted 00:28:10 (12075 turns).

om the Cleaver (Minotaur Berserker)                Turns: 12075, Time: 00:28:10

Health: -8/97      AC: 27    Str: 21    XL:     11   Next: 75%
Magic:  10/10      EV: 10    Int:  4    God:    Trog [*****.]
Gold:   616        SH:  6    Dex: 20    Spells: 10/10 levels left

rFire    . . .     SeeInvis .   K - +2 demon blade (elec)
rCold    + . .     Faith    .   j - +0 buckler
rNeg     . . .     Spirit   .   I - +1 plate armour {rC+}
rPois    .         Reflect  .   e - +2 hat {Stlth+}
rElec    .         Harm     .   i - +1 cloak
rCorr    .         Rampage  .   n - +0 pair of gloves
Will     ++...                  L - +2 pair of boots {Fly}
Stlth    ..........             (no amulet)
HPRegen  1.26/turn              o - +4 ring of protection
MPRegen  0.12/turn              y - +6 ring of dexterity

@: strong-willed, on berserk cooldown, flying, regenerating
A: horns 2, retaliatory headbutt
a: Renounce Religion, Berserk, Trog's Hand, Brothers in Arms


You were on level 12 of the Dungeon.
You worshipped Trog.
Trog was extremely pleased with you.
You visited 2 branches of the dungeon, and saw 13 of its levels.
You also visited: Sewer.

You collected 886 gold pieces.
You spent 270 gold pieces at shops.

Inventory:

Hand Weapons
 a - a +0 hand axe of freezing
 D - a +1 vorpal hand axe
 K - a +2 demon blade of electrocution (weapon)
Armour
 e - a +2 hat of stealth (worn)
 i - a +1 cloak (worn)
 j - a +0 buckler (worn)
 n - a +0 pair of gloves (worn)
 C - a +0 troll leather armour
 I - a +1 plate armour of cold resistance (worn)
 L - a +2 pair of boots of flying (worn)
Jewellery
 o - a +4 ring of protection (left hand)
 p - a ring of ice
 x - a ring of fire
 y - a +6 ring of dexterity (right hand)
 A - a ring of resist corrosion
 B - an amulet of regeneration
Wands
 h - a wand of iceblast (13)
 q - a wand of acid (2)
 w - a wand of polymorph (17)
 F - a wand of flame (16)
Scrolls
 b - a scroll of immolation
 d - a scroll of fear
 g - 2 scrolls of fog
 k - 2 scrolls of magic mapping
 s - a scroll of silence
 G - a scroll of identify
 H - a scroll of teleportation
Potions
 c - 3 potions of heal wounds
 f - 4 potions of curing
 l - a potion of brilliance {unknown}
 m - 2 potions of lignification
 r - a potion of cancellation {unknown}
 u - 3 potions of flight
 z - 3 potions of resistance
 E - a potion of might {unknown}
Miscellaneous
 J - a condenser vane


   Skills:
 + Level 9.2 Fighting
 * Level 5.9 Long Blades
 - Level 12.9 Axes
 - Level 8.0 Armour
 - Level 8.0 Dodging
 - Level 5.0 Stealth
 - Level 4.0 Shields
 - Level 6.0 Evocations


You had 10 spell levels left.
You didn't know any spells.
Your spell library was empty.

Dungeon Overview and Level Annotations

Branches:
Dungeon (12/15)            Temple (0/1) D:6            Lair (0/6) D:11
    Orc (1/2) D:11          Sewer (visited)

Altars:
Xom

Shops:
D:6 :   D:12 [   Orc:1 =

Annotations:
D:9 exclusion: 2 oklob saplings


Innate Abilities, Weirdness & Mutations

You have a pair of horns on your head.
You reflexively headbutt those who attack you in melee.


Message History

Your ogre's corpse disappears in a puff of smoke!
The centaur shoots an arrow.
The arrow completely misses you.
The centaur shoots an arrow.
The arrow misses you.
A centaur comes into view. It is wielding a +0 shortbow.
The centaur shouts!
The centaur shoots an arrow.
You block the arrow.
The centaur shoots an arrow.
The arrow barely misses you.
The centaur shoots an arrow.
The arrow hits you but does no damage.
The centaur shoots an arrow.
The arrow hits you!
You see here a hydra corpse.
You hit the centaur.
You headbutt the centaur, but do no damage.
The centaur is moderately wounded.
You feel yourself speed up.
The centaur unwields a +0 shortbow.
The centaur closely misses you. x2; The centaur shoots an arrow.
The arrow barely misses you. The centaur closely misses you.
The centaur kicks you but does no damage.
The boulder beetle curls into a ball and begins rolling!
Your skin crawls.
You feel strong-willed. The centaur barely misses you.
The centaur kicks you but does no damage.
The troll bites you. You block the troll's attack.
The troll closely misses you. The centaur hits you. The centaur kicks you.
Your ogre goes berserk!
The centaur barely misses you.
You riposte.
You slash the centaur! Lightning courses through the centaur!
You kill the centaur!
Trog accepts your kill. The troll bites you but does no damage.
The troll closely misses you. The troll claws you but does no damage.
The centaur shoots an arrow.
You block the arrow.
The centaur shoots an arrow.
The arrow hits your ogre!
Your ogre hits the troll with a +0 giant club!!
The troll bites your ogre! The troll claws your ogre! x2
Your ogre dies!
Your ogre's corpse disappears in a puff of smoke!
The centaur shoots an arrow.
The arrow hits you but does no damage.
The centaur shoots an arrow.
The arrow hits you but does no damage.
The centaur shoots an arrow.
The arrow barely misses you. The acid dragon spits acid at you.
The splash of acid hits you but does no damage.
You are splashed with acid!
The centaur shoots an arrow.
The arrow hits you. The boulder beetle hits you!!!
You die...

......♣....................
....♣.∩.♣................§.
......♣..................O.
............#......###...c.
...........###....## #....
..........## ##...# ...c
...........###....## #....
............#......###.....
...........................
...........................
................@..........
................B..........
#...............T○.......#
##................°.....##
##................°....#
##.............)†)cD..## #.
##.............#......###..
##...........###..........
##.........## ##.........
##.........###..........
##.........#...).......


You could see a boulder beetle (rolling), a troll, an acid dragon (catching
breath) and a centaur.

Vanquished Creatures
  A hydra (D:12)
  A two-headed ogre (D:12)
  An ogre mage (D:11)
  Nergalle (D:11)
  A sixfirhy (D:8)
  A cyclops (D:12)
  Maurice (D:9)
  An unseen horror (D:11)
  A gargoyle (D:11)
  A troll (D:10)
  A hornet (D:9)
  3 slime creatures (D:8)
  A water elemental (D:11)
  2 wyverns (D:9)
  6 yaks (D:10)
  2 vampire mosquitoes (D:11)
  A steam dragon (D:8)
  Menkaure (D:7)
  A warg (D:11)
  3 water moccasins
  Duvessa (D:5)
  2 acid dragons
  A necrophage (D:7)
  11 orc warriors
  An ice beast (D:8)
  A sky beast (D:8)
  A black bear (D:6)
  6 ogres
  7 centaurs
  A phantom (D:7)
  2 kobold brigands
  Blork the orc (D:6)
  2 bullfrogs
  Dowan (D:5)
  3 scorpions
  A wyvern skeleton (D:7)
  A water moccasin skeleton (D:5)
  4 killer bees (D:11)
  4 wights (D:9)
  3 howler monkeys (D:9)
  An electric eel (D:11)
  2 centaur zombies
  7 hounds
  7 orc priests
  A gnoll shaman (D:7)
  A bullfrog skeleton (D:6)
  3 jellies
  Crazy Yiuf (D:5)
  Ijyb (D:3)
  2 iguanas (D:5)
  12 orc wizards
  Terence (D:2)
  A killer bee zombie (D:7)
  A hound skeleton (D:4)
  3 howler monkey zombies
  Robin (D:2)
  A howler monkey skeleton (D:7)
  3 river rats
  9 adders
  5 gnolls
  A worm (D:2)
  A dart slug (D:3)
  51 orcs
  3 endoplasms
  3 giant cockroaches (D:2)
  17 goblins
  8 hobgoblins
  A jackal (Sewer)
  4 quokkas
  14 ball pythons
  6 bats
  2 frilled lizards (D:1)
  10 kobolds
  6 rats
275 creatures vanquished.

Vanquished Creatures (collateral kills)
  3 centaurs
  A gnoll sergeant (D:8)
  2 gnolls (D:8)
  3 orcs (D:8)
9 creatures vanquished.

Vanquished Creatures (others)
  An orc wizard (D:4)
  A dart slug (D:4)
  2 goblins (D:4)
  A ball python (D:4)
  A kobold (D:4)
  7 plants (D:9)
13 creatures vanquished.

Grand Total: 297 creatures vanquished

Notes
Turn   | Place    | Note
-------+----------+-------------------------------------------
     0 | D:1      | om the Minotaur Berserker began the quest for the Orb.
     0 | D:1      | Reached XP level 1. HP: 19/19 MP: 0/0
   158 | D:1      | Reached XP level 2. HP: 24/27 MP: 1/1
   161 | D:1      | Reached skill level 4 in Axes
   430 | D:1      | Reached ** piety under Trog
   867 | D:2      | Noticed Terence
   868 | D:2      | Reached XP level 3. HP: 25/33 MP: 2/2
   934 | D:2      | Killed Terence
  1059 | D:2      | Noticed Robin
  1074 | D:2      | Reached XP level 4. HP: 40/40 MP: 3/3
  1078 | D:2      | Killed Robin
  1145 | D:2      | Found a faded altar of an unknown god.
  1190 | D:2      | Reached skill level 5 in Axes
  2295 | D:3      | Noticed Ijyb
  2306 | D:3      | Killed Ijyb
  2307 | D:3      | Reached XP level 5. HP: 46/46 MP: 4/4
  2756 | D:4      | Noticed an ogre
  2759 | D:4      | Noticed an ogre
  2760 | D:4      | Killed an ogre
  2762 | D:4      | Killed an ogre
  2763 | D:4      | Reached skill level 6 in Axes
  2763 | D:4      | Reached XP level 6. HP: 52/52 MP: 5/5
  2789 | D:4      | Found a shimmering altar of Xom.
  2810 | D:4      | Reached skill level 1 in Evocations
  2828 | D:4      | Reached *** piety under Trog
  3046 | D:4      | Reached skill level 5 in Fighting
  3762 | D:5      | Entered Level 5 of the Dungeon
  3840 | D:5      | Reached XP level 7. HP: 60/61 MP: 6/6
  4010 | D:5      | Noticed Duvessa
  4011 | D:5      | Noticed Dowan
  4024 | D:5      | Killed Duvessa
  4025 | D:5      | Reached skill level 7 in Axes
  4025 | D:5      | Killed Dowan
  4099 | D:5      | Reached skill level 8 in Axes
  4119 | D:5      | Found a glowing drain.
  4123 | Sewer    | Entered a sewer
  4370 | Sewer    | Reached XP level 8. HP: 68/70 MP: 7/7
  4393 | Sewer    | Found a white marble altar of Elyvilon.
  5098 | D:5      | Found a runed translucent door.
  5099 | D:5      | Noticed Crazy Yiuf
  5135 | D:5      | Killed Crazy Yiuf
  5505 | D:6      | Reached skill level 5 in Armour
  5505 | D:6      | Reached skill level 5 in Dodging
  5583 | D:6      | Reached **** piety under Trog
  5645 | D:6      | Found a staircase to the Ecumenical Temple.
  5690 | D:6      | Noticed Blork the orc
  5699 | D:6      | Killed Blork the orc
  5700 | D:6      | Reached skill level 9 in Axes
  5839 | D:6      | Found Irchue Pashru's Book Shoppe.
  6383 | D:7      | Noticed Menkaure
  6390 | D:7      | Killed Menkaure
  6391 | D:7      | Reached skill level 10 in Axes
  6461 | D:7      | Reached XP level 9. HP: 62/75 MP: 8/8
  7420 | D:8      | Killed a very large slime creature
  7436 | D:8      | Reached skill level 11 in Axes
  7548 | D:8      | Found a runed translucent door.
  7548 | D:8      | Noticed a sixfirhy
  8112 | D:9      | Reached skill level 1 in Shields
  8112 | D:9      | Reached XP level 10. HP: 86/86 MP: 9/9
  8173 | D:9      | Noticed Maurice
  8191 | D:9      | Killed Maurice
  8346 | D:9      | Paralysed by a hornet for 3 turns
  8351 | D:9      | Reached skill level 12 in Axes
  8714 | D:10     | Entered Level 10 of the Dungeon
  8999 | D:10     | Reached ***** piety under Trog
 10119 | D:11     | Reached skill level 1 in Stealth
 10291 | D:11     | Noticed a gargoyle
 10307 | D:11     | Killed a gargoyle
 10309 | D:11     | Reached skill level 5 in Evocations
 10658 | D:11     | Noticed Nergalle
 10672 | D:11     | Noticed a spectral orc warlord
 10677 | D:11     | Killed Nergalle
 10678 | D:11     | Reached XP level 11. HP: 94/94 MP: 10/10
 11028 | D:11     | Received a gift from Trog
 11150 | D:11     | Found a staircase to the Orcish Mines.
 11172 | Orc:1    | Entered Level 1 of the Orcish Mines
 11358 | Orc:1    | Found Toosaraw's Jewellery Emporium.
 11578 | D:8      | Killed a sixfirhy
 11579 | D:8      | Reached skill level 5 in Stealth
 11855 | D:11     | Found a staircase to the Lair.
 11887 | D:12     | Noticed an ogre mage
 11908 | D:11     | Reached skill level 1 in Long Blades
 11918 | D:11     | Killed an ogre mage
 11972 | D:12     | Found Nyafiunuky's Antique Armour Shop.
 11981 | D:12     | Bought a pair of embroidered boots for 270 gold pieces
 12035 | D:12     | Noticed a boulder beetle
 12043 | D:12     | Noticed a two-headed ogre
 12045 | D:12     | Noticed a four-headed hydra
 12050 | D:12     | Killed a two-headed ogre
 12059 | D:12     | Killed a four-headed hydra
 12060 | D:12     | Reached skill level 5 in Long Blades
 12075 | D:12     | Mangled by a boulder beetle

Illustrated notes

Levels and vault maps discovered:
D:1:      lemuel_arrival_hallway, layout_rooms
D:2:      layout_basic, serial_glass, glass_columns_a, glass_columns_b,
          chequers_ecumenical_altar_simple_redux, minmay_strange_pillars,
          minmay_misc_feat_cross, minmay_misc_feat_secret_circle,
          minmay_liquid_box, uniq_terence, uniq_robin
D:3:      layout_basic, uniq_ijyb
D:4:      layout_cave_pods, xom_confusion_cloud, serial_park_tiny_2,
          minmay_a_box_with_orc_wizards_in_it
D:5:      layout_gridville, gup_sewer_entry_bowl, minmay_misc_feat_four_crosses,
          uniq_crazy_yiuf_cottage, uniq_duvessa
D:6:      layout_loops_ring, minmay_temple_entry_drinking_statues, serial_shops,
          nicolae_take_the_stairs, uniq_blork_the_orc
D:7:      lemuel_ice_spiral_2, layout_basic, uniq_menkaure
D:8:      cheibrodos_shockbox, layout_rooms
D:9:      layout_gridville, introduction_to_nature_1, uniq_maurice
D:10:     layout_layer_cave
D:11:     layout_basic, lair_entry_dummy, erik_orc_2, uniq_nergalle
D:12:     layout_big_octagon, serial_shops, nicolae_shop_trees,
          chequers_serial_rivers_small_b
Orc:1:    layout_caves, serial_shops, nicolae_square_shop

Skill      XL: |  1  2  3  4  5  6  7  8  9 10 11 |
---------------+----------------------------------+-----
Axes           | 4 5 6 8 10 11 12 | 12.9
Fighting       | 4 5 6 7 8 9 |  9.2
Armour         | 3 4 5 7 8 |  8.0
Dodging        | 3 4 5 7 8 |  8.0
Evocations     | 3 4 5 6 |  6.0
Shields        | 1 4 |  4.0
Stealth        | 2 5 |  5.0
Long Blades    | 5 |  5.9

Action                   |  1- 3 |  4- 6 |  7- 9 | 10-12 || total
-------------------------+-------+-------+-------+-------++-------
Melee: Hand axe          |    78 |   127 |   260 |   290 ||   755
       Headbutt          |     8 |    25 |    68 |    84 ||   185
       Demon blade       |       |       |       |    23 ||    23
Invok: Berserk           |     2 |     1 |     7 |    14 ||    24
       Brothers in Arms  |       |       |     1 |     2 ||     3
       Trog's Hand       |       |       |     1 |     1 ||     2
Evoke: Wand              |       |     3 |       |     2 ||     5
  Use: Scroll            |     2 |     6 |     9 |     4 ||    21
       Potion            |       |     1 |     2 |       ||     3
 Stab: Confused          |       |     1 |       |       ||     1
       Sleeping          |       |       |     1 |     5 ||     6
       Distracted        |       |       |       |     3 ||     3
Armor: Ring mail         |    29 |    43 |    30 |       ||   102
       Leather armour    |       |       |    77 |    23 ||   100
       Troll leather arm |       |       |       |   110 ||   110
       Plate armour      |       |       |       |    36 ||    36
Dodge: Dodged            |    50 |    59 |   173 |   179 ||   461
Block: Buckler           |       |       |    10 |    78 ||    88
       Rpst.: Demon blade |       |       |       |    10 ||    10
